 Dungeon Crawl Stone Soup version 0.24.0-125-gc4c63601f3 (webtiles) character file.

Game seed: 16765915123635814160, levelgen mode: deterministic

46 Lazarus1551 the Chopper (level 3, -3/30 HPs)
             Began as a Minotaur Gladiator on Mar 13, 2020.
             Slain by Sigmund
             ... wielding a +0 scythe
              (12 damage)
             ... on level 2 of the Dungeon.
             The game lasted 00:18:00 (2327 turns).

Lazarus1551 the Chopper (Minotaur Gladiator)        Turns: 2327, Time: 00:18:01

Health: -3/30      AC:  3    Str: 19    XL:     3   Next: 44%
Magic:  2/2        EV: 13    Int:  5    God:
Gold:   81         SH:  0    Dex: 11    Spells: 2/2 levels left

rFire    . . .     SeeInvis .   a - +0 war axe
rCold    . . .     Gourm    .   (no shield)
rNeg     . . .     Faith    .   b - +0 leather armour
rPois    .         Spirit   .   c - +0 hat
rElec    .         Reflect  .   (no cloak)
rCorr    .         Harm     .   (no gloves)
MR       .....                  (no boots)
Stlth    +.........             (no amulet)
HPRegen  0.10/turn              (no ring)
MPRegen  0.08/turn              (no ring)

@: no status effects
A: retaliatory headbutt, horns 2
a: no special abilities


You were on level 2 of the Dungeon.
You were hungry.

You visited 1 branch of the dungeon, and saw 2 of its levels.

You collected 81 gold pieces.

Inventory:

Hand Weapons
 a - a +0 war axe (weapon)
 l - a +0 dagger
 m - a +0 mace
 o - a +0 club
 r - a +0 whip
 t - a +0 dagger
 u - a +0 whip
 w - a +0 dagger
 y - a +0 dagger
 A - a +0 hunting sling
 B - a +0 club
 C - a +0 dagger
 D - a +0 whip
 G - a cursed +0 short sword
Missiles
 d - 3 throwing nets (quivered)
 p - 21 arrows
 q - 29 sling bullets
 s - 59 stones
 F - 15 poisoned darts
Armour
 b - a +0 leather armour (worn)
 c - a +0 hat (worn)
 z - a +0 ring mail
Wands
 I - a wand of clouds (4)
Scrolls
 h - 2 scrolls of identify {unknown}
 j - 3 scrolls of remove curse {unknown}
 k - 2 scrolls of magic mapping {unknown}
 n - 2 scrolls of blinking {unknown}
 v - a scroll of noise {unknown}
 E - a scroll of enchant armour {unknown}
 H - 2 scrolls of random uselessness {unknown}
Potions
 e - 3 potions of curing {unknown}
 g - 2 potions of might {unknown}
 i - 3 potions of heal wounds {unknown}
 x - a potion of berserk rage {unknown}
 J - a potion of invisibility {unknown}
Comestibles
 f - 2 rations


   Skills:
 + Level 2.7 Fighting
 + Level 4.6 Axes
 + Level 2.1 Throwing
 - Level 1.2 Armour
 + Level 3.6 Dodging


You had 2 spell levels left.
You didn't know any spells.
Your spell library was empty.

Dungeon Overview and Level Annotations

Branches:
Dungeon (2/15)

Altars:

Annotations:
D:2 1 runed translucent door, Crazy Yiuf, Sigmund


Innate Abilities, Weirdness & Mutations

You reflexively headbutt those who attack you in melee.
You have a pair of horns on your head.


Message History

There are no items here.
That item cannot be evoked!
You open the door.
There is an open door here.
There is an open door here.
You open the door.
Sigmund the Dreaded comes into view.
He is wielding a +0 scythe.
Sigmund shouts!
You hear an angry hiss.
Sigmund casts a spell.
Sigmund flickers and vanishes!
Deactivating autopickup; reactivate with Ctrl-A.
Found a large glass ring.
There is an open door here.
You closely miss something. Something hits you.
You closely miss something. Something hits you! Something hits you.
You hit something. Your headbutt misses something. Something hits you!
* * * LOW HITPOINT WARNING * * *
Something hits you!
You die...

#.............# ♣♣
#... #.#.###.####.## ♣
#=..###.#.# #.# #..#
#...#...#.# #.# ####
#...#.#.#.# #.# ♣
#...#.#.#.###.#######
♣
#...#.#.#.#.........#
#
#...#.#.#...#.#####.#
. #...'...@...#..# #.#
#.
#...#.###...##.######
#)
#.###...............#
## # #####..###.######
#..###.#....####
#..#.#....###..#
#######..#÷########..#
#..........#
#.......## #.#
##.#..##.##.#
##.###....


There were no monsters in sight!

Vanquished Creatures
  2 worms (D:2)
  3 bats
  A giant cockroach (D:2)
  5 hobgoblins
  4 jackals (D:1)
  6 kobolds
  2 quokkas (D:2)
  5 frilled lizards (D:1)
  5 goblins
  5 rats
38 creatures vanquished.

Notes
Turn   | Place    | Note
-------+----------+-------------------------------------------
     0 | D:1      | Lazarus1551 the Minotaur Gladiator began the quest for the
                  | Orb.
     0 | D:1      | Reached XP level 1. HP: 18/18 MP: 0/0
   331 | D:1      | Reached XP level 2. HP: 23/25 MP: 1/1
   385 | D:1      | Reached skill level 4 in Axes
  1526 | D:2      | Reached XP level 3. HP: 21/30 MP: 2/2
  1668 | D:2      | Reached skill level 1 in Armour
  2216 | D:2      | Found a runed translucent door.
  2217 | D:2      | Noticed Crazy Yiuf
  2316 | D:2      | Noticed Sigmund
  2327 | D:2      | Slain by Sigmund

Levels and vault maps discovered:
D:1:      dpeg_arrival_orchard, layout_basic
D:2:      layout_basic, uniq_sigmund, uniq_crazy_yiuf_cottage

Skill      XL: |  1  2  3 |
---------------+----------+-----
Axes           | 4 |  4.6
Armour         | 1 |  1.2
Fighting       | |  2.7
Throwing       | |  2.1
Dodging        | |  3.6

Action                   || total
-------------------------++-------
Melee: War axe           ||    71
       Headbutt          ||    12
  Eat: Ration            ||     1
Armor: Leather armour    ||    15
Dodge: Dodged            ||    63
